 Dungeon Crawl Stone Soup version 0.32-a0-981-g384da2ce10 (webtiles) character file.

Game seed: 10203453669893731883

263759 RBrandon the Metallomancer (level 20, -2/155 HPs)
             Began as a Formicid Alchemist on Apr 20, 2024.
             Was the Champion of Yredelemnul.
             Killed from afar by a frost giant (45 damage)
             ... with a bolt of cold
             ... on level 2 of the Vaults.
             The game lasted 02:07:06 (27868 turns).

RBrandon the Metallomancer (Formicid Alchemist)    Turns: 27868, Time: 02:07:06

Health: -2/155     AC: 15    Str: 19    XL:     20   Next: 52%
Magic:  5/39       EV: 12    Int: 28    God:    Yredelemnul [******]
Gold:   3424       SH:  0    Dex: 14    Spells: 2/49 levels left

rFire   . . .        k - +0 trident (venom)
rCold   . . .        (no shield)
rNeg    . . .        N - +1 robe of Vines {NoPotionHeal Regen++++}
rPois   .            (helmet unavailable)
rElec   +            B - +2 cloak
rCorr   .            W - +2 pair of gloves {Stlth+}
SInv    +            v - +1 pair of boots of the Kangaroo {rElec Str+4}
Will    ++...        I - amulet of Vitality {Regen++ RegenMP++}
Stlth   ++++++       r - +4 ring of protection
HPRegen 5.25/turn    O - +6 ring of intelligence
MPRegen 1.06/turn

%: no passive effects
@: lethally poisoned (-2 -> -2), vertiginous, very slightly contaminated,
wreathed by umbra
A: permanent stasis, dig shafts and tunnels, antennae 3, four strong arms
}: 2/15 runes: decaying, gossamer
a: Dig, Shaft Self, Renounce Religion, Light the Black Torch, Recall Undead
Harvest, Hurl Torchlight, Bind Soul, Fathomless Shackles


You were on level 2 of the Vaults.
You worshipped Yredelemnul.
Yredelemnul was pleased with you.
You visited 7 branches of the dungeon, and saw 33 of its levels.

You collected 3513 gold pieces.
You spent 89 gold pieces at shops.

Inventory:

Hand Weapons
 k - a +0 trident of venom (weapon)
   (You took it off an orc warrior on level 7 of the Dungeon)
Missiles
 K - 14 curare-tipped darts
Armour
 q - a scarf of repulsion
   (You found it on level 3 of the Dungeon)
 u - an orb of mayhem
   (You found it on level 3 of the Dungeon)
 v - the +1 pair of boots of the Kangaroo (worn) {rElec Str+4}
   (You acquired it on level 2 of the Vaults)

   Str+4:     It affects your strength (+4).
   rElec:     It insulates you from electricity.
 B - a +2 cloak (worn)
 N - the +1 robe of Vines (worn) {NoPotionHeal Regen++++}
   (You found it on level 1 of the Lair of Beasts)

   NoPotionHeal: Its wearer cannot be healed by potions.
   Regen++++: It increases your rate of health regeneration.
 W - a +2 pair of gloves of stealth (worn)
   (You found it on level 4 of the Spider Nest)
Jewellery
 e - a ring of resist corrosion
 j - a +5 ring of evasion
 m - a +6 ring of dexterity
 r - a +4 ring of protection (left hand)
 A - a ring of flight
 E - an amulet of magic regeneration
 H - a +4 ring of protection
 I - the amulet of Vitality (around neck) {Regen++ RegenMP++}
   (You found it on level 8 of the Dungeon)

   [amulet of nothing]

   Regen++:   It increases your rate of health regeneration.
   RegenMP++: It increases your rate of magic regeneration.
 O - a +6 ring of intelligence (right hand)
 Q - a ring of protection from fire
Wands
 f - a wand of polymorph (13)
 p - a wand of paralysis (4)
 x - a wand of digging (3)
 y - a wand of flame (118)
 G - a wand of mindburst (10)
 M - a wand of warping (24)
 P - a wand of light (13)
Scrolls
 c - 7 scrolls of enchant weapon
 d - 4 scrolls of enchant armour
 g - 5 scrolls of fog
 h - a scroll of silence
 l - 5 scrolls of amnesia
 w - 2 scrolls of immolation
 C - 4 scrolls of noise
 D - 2 scrolls of torment
 L - 5 scrolls of fear
 R - 8 scrolls of identify
 T - 6 scrolls of revelation
 Z - 3 scrolls of poison
Potions
 a - 10 potions of heal wounds
 b - 3 potions of magic
 i - 5 potions of attraction
 n - 5 potions of might
 o - 2 potions of enlightenment
 s - 2 potions of mutation
 t - 7 potions of curing
 z - 7 potions of brilliance
 F - 4 potions of lignification
 J - 3 potions of cancellation
 V - 7 potions of ambrosia
 Y - 2 potions of invisibility
Miscellaneous
 S - a tin of tremorstones (1/2)
 U - a box of beasts
 X - a Gell's gravitambourine (2/2)


   Skills:
 + Level 12.7 Fighting
 + Level 12.6 Dodging
 - Level 2.4 Stealth
 - Level 15.2 Spellcasting
 - Level 5.1 Conjurations
 - Level 4.5 Hexes
 - Level 8.7 Fire Magic
 - Level 7.0 Ice Magic
 - Level 6.4 Air Magic
 - Level 21.0 Earth Magic
 - Level 9.0 Alchemy
 - Level 15.4 Invocations


You had 2 spell levels left.
You knew the following spells:

 Your Spells              Type           Power      Damage    Failure   Level
a - Petrify               Alch/Erth      81%        N/A       1%          4
b - Permafrost Eruption   Ice/Erth       39%        2x4d9     3%          6
c - Mephitic Cloud        Conj/Alch/Air  56%        N/A       1%          3
d - Olgreb's Toxic Radia  Alch           64%        N/A       2%          4
e - Sticky Flame          Fire/Alch      63%        2d11      2%          4
f - Ignite Poison         Fire/Alch      63%        N/A       2%          4
g - Alistair's Intoxicat  Alch           42%        N/A       4%          5
h - Yara's Violent Unrav  Hex/Alch       28%        3d12      10%         5
i - Lee's Rapid Deconstr  Erth           48%        3d23*     1%          5
j - Magnavolt             Erth/Air       39%        3d18      14%         7

Your spell library contained the following spells:

 Spells                   Type           Power      Damage    Failure   Level
 Magic Dart               Conj           100%       1d8       1%          1
 Slow                     Hex            100%       N/A       1%          1
 Sting                    Conj/Alch      100%       1d9       1%          1
 Mercury Vapours          Alch/Air       100%       N/A       1%          2
 Jinxbite                 Hex            92%        N/A       2%          2
 Kiss of Death            Conj/Necr      100%       2d13      3%          1
 Apportation              Tloc           42%        N/A       6%          1
 Necrotise                Necr           84%        1d8       6%          1
 Summon Small Mammal      Summ           84%        N/A       6%          1
 Call Imp                 Summ           42%        N/A       9%          2
 Lesser Beckoning         Tloc           42%        N/A       9%          2
 Frozen Ramparts          Ice            100%       1d16      1%          3
 Ozocubu's Armour         Ice            57%        N/A       1%          3
 Leda's Liquefaction      Alch/Erth      40%        N/A       1%          4
 Confusing Touch          Hex            46%        N/A       3%          3
 Volatile Blastmotes      Fire/Tloc      90%        2d17      3%          3
 Summon Blazeheart Golem  Fire/Summ      45%        N/A       9%          4
 Metabolic Englaciation   Hex/Ice        26%        N/A       13%         5
 Call Canine Familiar     Summ           21%        N/A       14%         3
 Teleport Other           Tloc           21%        N/A       14%         3
 Vampiric Draining        Necr           21%        2d7       14%         3
 Eringya's Noxious Bog    Alch           32%        4d6       17%         6
 Summon Forest            Summ/Tloc      10%        N/A       69%         5
 Enfeeble                 Hex            23%        N/A       99%         7
 Ignition                 Fire           31%        3d10      99%         8
 Summon Hydra             Summ           10%        N/A       100%        7
 Maxwell's Capacitive Co  Air            27%        ∞         100%        8
 Blink                    Tloc           Unusable   N/A       N/A         2
 Swiftness                Air            Unusable   N/A       N/A         3
 Maxwell's Portable Pile  Tloc           Unusable   2d(7-19)  N/A         3

Dungeon Overview and Level Annotations

Branches:
Dungeon (15/15)            Temple (1/1) D:7            Lair (5/5) D:9
  Swamp (4/4) Lair:2       Spider (4/4) Lair:3        Slime (0/5) Lair:5
    Orc (2/2) D:10            Elf (0/3) Orc:2        Vaults (2/5) D:13
  Crypt (0/3) Vaults:2     Depths (0/4) D:15

Altars:
Ashenzari
Cheibriados
Dithmenos
Elyvilon
Fedhas
Gozag
Hepliaklqana
Kikubaaqudgha
Makhleb
Nemelex Xobeh
Okawaru
Qazlal
Ru
Sif Muna
Trog
Uskayaw
Vehumet
Wu Jian
Xom
Yredelemnul
Zin
The Shining One
Beogh
Lugonu

Shops:
D:3 ?[   D:8 [   D:10 *   D:13 (   Orc:2 ?([[

Portals:
Abyss: Lair:5

Annotations:
D:5 1 runed translucent door, Orlauf's ghost, amateur DsGl
D:8 3 runed translucent doors
D:15 2 transporters, Kidef's ghost, adept FoFi
Lair:4 1 runed translucent door, Hoaki's ghost, journeyman HONe
Vaults:2 3 runed translucent doors, AutarchDCSS's ghost, adept DrEE


Innate Abilities, Weirdness & Mutations

You cannot be hasted, slowed, berserked, paralysed or teleported.
You can dig through walls and to a lower floor.
You have a pair of large antennae on your head. (SInv)
Your four strong arms can wield two-handed weapons with a shield.


Message History

The frost giant hits your slime creature zombie with a +1 battleaxe of freezing!
The frost giant hits your ugly thing zombie with a +1 battleaxe of freezing!!
The frost giant freezes your ugly thing zombie.
You completely miss the frost giant.
The frost giant is lightly wounded.
Your ugly thing zombie hits the frost giant!
Your slime creature zombie barely misses the frost giant.
Your slime creature zombie hits the frost giant.
The frost giant hits you with a +1 battleaxe of freezing!!
The frost giant freezes you.
The frost giant hits your slime creature zombie with a +1 battleaxe of freezing!!
The frost giant freezes your slime creature zombie.
The frost giant hits your slime creature zombie with a +1 battleaxe of freezing!
The frost giant freezes your slime creature zombie.
The frost giant hits your ugly thing zombie with a +1 battleaxe of freezing!
The frost giant freezes your ugly thing zombie.
Casting: Alistair's Intoxication (mildly dangerous; 4% risk of failure)
Confirm with . or Enter, or press ? or * to list all spells.
You miscast Ignite Poison.
You are very lightly contaminated with residual magic.
Parts of your body briefly turn golden.
You are poisoned.
You feel very sick.
Your ugly thing zombie hits the frost giant.
The frost giant casts a spell at you. The bolt of cold hits you!!!
* * * LOW HITPOINT WARNING * * *
Your slime creature zombie hits the frost giant.
Your slime creature zombie completely misses the frost giant.
Your slime creature zombie hits the frost giant but does no damage.
Unknown command.
Casting: Ignite Poison (mildly dangerous; 2% risk of failure)
Confirm with . or Enter, or press ? or * to list all spells.
You ignite the poison in your surroundings!
The frost giant seems to burn from within!!
The frost giant is severely wounded.
You feel very sick.
The frost giant gestures at you while chanting.
The bolt of cold hits you!!!
You die...
Your body rises from the dead as a mindless zombie.

#......#...)......#......#
#......#..........#......#
#......######'#####......#
######## #...####......#
#......######## #..>...#
#....<.# ###....# ###@Z#
#C## #ZZZ...# #.))..)'..
#......'.u #......#..
'..>...# . { #./....#{
########


You could see a frost giant (ally target), 3 friendly slime creature zombies and
a friendly ugly thing zombie.

Vanquished Creatures
  A sphinx (Vaults:2)
  3 ghost moths
  A vault warden (Vaults:2)
  An orc warlord (Vaults:2)
  2 broodmothers
  3 ironbound preservers (Vaults:2)
  An ironbound thunderhulk (Vaults:2)
  3 bunyips
  A spark wasp (Spider:4)
  3 entropy weavers (D:14)
  3 ghost crabs (D:14)
  3 hydras
  2 great orbs of eyes (Vaults:1)
  5 boulder beetles
  An alligator (Swamp:2)
  A catoblepas (Lair:4)
  12 centaur warriors
  2 peacekeepers (Vaults:1)
  An ironbound frostheart (Vaults:2)
  A radroach (Spider:2)
  2 ogre magi
  9 two-headed ogres
  2 tengu warriors
  2 demonic crawlers (Spider:3)
  Amaemon (D:10)
  3 fire crabs (D:14)
  2 goliath frogs
  A large abomination (Lair:5)
  7 pharaoh ants
  A spriggan rider (Swamp:1)
  3 spriggan druids
  3 orb spiders
  3 arcanists (Vaults:2)
  3 swamp dragons
  13 deep trolls
  2 spectral hydras (Swamp:4)
  2 necromancers
  Pikel (D:5)
  5 ironbound convokers
  2 bog bodies
  A phantasmal warrior (Swamp:4)
  A steelbarb worm (Spider:3)
  9 wolf spiders
  A spectral alligator (Swamp:4)
  7 orc knights
  An alligator zombie (Swamp:4)
  2 orc sorcerers (Orc:2)
  4 will-o-the-wisps
  4 deep elf pyromancers
  6 manticores
  An oklob plant (Swamp:3)
  4 cyclopes
  13 ugly things
  14 elephants (Lair:5)
  A black mamba (Lair:5)
  4 kobold blastminers (Orc:2)
  Joseph (D:9)
  2 vault sentinels (Vaults:2)
  Maurice (D:8)
  2 torpor snails
  4 cane toads
  An orange demon (D:10)
  A human zombie (Vaults:2)
  A torpor snail (shapeshifter) (D:15)
  A smoke demon (Lair:5)
  An efreet (D:13)
  17 yaktaurs
  2 freezing wraiths (D:15)
  2 unseen horrors
  2 kobold demonologists (D:13)
  2 rime drakes (Lair:5)
  7 komodo dragons
  2 swamp worm zombies (Swamp:4)
  A hydra zombie (Swamp:4)
  A troll (shapeshifter) (D:14)
  A bloated husk (Swamp:4)
  2 trolls
  2 polar bears
  3 tyrant leeches
  2 raiju (Lair:5)
  15 tarantellas
  12 hornets
  A spectral swamp dragon (Swamp:4)
  A tarantella zombie (Spider:4)
  12 jumping spiders
  14 blink frogs
  10 culicivoras
  A wyvern (D:9)
  8 spriggans
  11 slime creatures
  Sigmund (D:3)
  A vampire (D:12)
  A wraith (D:13)
  2 spriggan zombies
  26 yaks
  6 basilisks
  14 vampire mosquitoes
  32 redbacks
  A steam dragon (D:6)
  Eustachio (D:6)
  10 swamp worms
  5 small abominations (Lair:5)
  Duvessa (D:5)
  35 orc warriors
  7 water moccasins
  4 black bears
  3 ice beasts
  A swamp dragon zombie (Swamp:4)
  15 centaurs
  7 ogres
  2 wolves (Lair:5)
  3 lemures (D:5)
  7 phantoms
  8 bullfrogs
  8 kobold brigands
  A gnoll sergeant (D:11)
  A yaktaur zombie (Vaults:2)
  2 scorpions
  5 wights (D:7)
  Dowan (D:5)
  6 killer bees (D:9)
  5 howler monkeys
  7 electric eels
  4 jellies
  3 hounds (D:5)
  2 bombardier beetles
  2 gnoll boudas
  10 orc priests
  4 iguanas
  2 sleepcaps
  13 orc wizards
  6 hell rats (Lair:3)
  An ogre zombie (D:13)
  8 gnolls
  7 adders
  2 white imps
  4 ufetubi
  4 dart slugs
  2 ribbon worms (D:2)
  82 orcs
  6 ball pythons
  A ball python (shapeshifter) (Lair:5)
  8 bats
  8 endoplasms
  7 giant cockroaches
  8 goblins
  3 hobgoblins
  3 jackals (D:3)
  2 quokkas
  A frilled lizard (D:1)
  33 kobolds
  11 rats
812 creatures vanquished.

Vanquished Creatures (collateral kills)
  Nikola (Spider:2)
  A bone dragon (Swamp:4)
  Roxanne (Swamp:1)
  Donald (Spider:1)
  7 emperor scorpions
  2 vault wardens (Vaults:2)
  A ghoul (Swamp:4)
  A broodmother (Spider:3)
  An ironbound preserver (Vaults:1)
  2 formless jellyfish (Vaults:2)
  2 ironbound thunderhulks (Vaults:2)
  A bunyip (Swamp:2)
  2 spark wasps
  2 entropy weavers
  A great orb of eyes (Vaults:2)
  2 shambling mangroves
  9 hydras
  2 ghost crabs
  Harold (D:11)
  3 alligators
  2 centaur warriors
  A radroach (Spider:2)
  Erica (D:11)
  2 boulder beetles (Spider:3)
  A two-headed ogre (D:12)
  2 tengu warriors
  An occultist (D:15)
  7 demonic crawlers
  3 thrashing horrors (Lair:5)
  A deep elf knight (D:13)
  A fire crab (D:14)
  4 goliath frogs
  4 pharaoh ants
  2 death drakes
  2 orb spiders (Spider:4)
  5 deep trolls
  3 bog bodies (Swamp:4)
  A spectral hydra (Swamp:4)
  3 spriggan riders (Swamp:4)
  2 arcanists
  A sun moth (Spider:4)
  3 spectral alligators (Swamp:4)
  5 swamp dragons
  3 steelbarb worms
  An orc knight (Vaults:2)
  A deep elf pyromancer (D:14)
  An alligator zombie (Swamp:4)
  12 wolf spiders
  A human zombie (Vaults:1)
  12 ugly things
  An oklob plant (Lair:1)
  2 moths of wrath
  6 elephants (Lair:5)
  A kobold blastminer (Orc:2)
  An apocalypse crab (D:14)
  5 black mambas
  A black mamba (shapeshifter) (D:14)
  5 vault sentinels (Vaults:2)
  2 torpor snails
  3 smoke demons (Lair:5)
  5 cane toads
  A kobold demonologist (D:13)
  A yaktaur (Vaults:2)
  2 redback zombies
  3 rime drakes
  2 efreet
  A swamp worm zombie (Swamp:4)
  5 komodo dragons
  A tengu conjurer (D:15)
  2 polar bears
  2 hydra zombies (Swamp:4)
  11 hornets
  4 tyrant leeches
  12 tarantellas
  A tarantella zombie (Spider:3)
  7 blink frogs (Lair:5)
  8 jumping spiders
  A culicivora (shapeshifter) (Lair:5)
  A ynoxinul (Lair:5)
  A shadow (D:11)
  11 slime creatures
  5 spriggans
  10 culicivoras
  19 yaks
  A vampire (D:11)
  A wyvern (D:9)
  3 small abominations (Lair:5)
  A basilisk (Lair:5)
  A warg (Orc:2)
  2 tyrant leech zombies (Swamp:4)
  25 redbacks
  7 vampire mosquitoes
  A glowing shapeshifter zombie (Vaults:1)
  An ogre zombie (Vaults:1)
  7 swamp worms
  7 water moccasins
  A swamp drake (Swamp:1)
  6 orc warriors (Orc:2)
  2 ogres (D:13)
  A wolf (Lair:5)
  2 swamp dragon zombies (Swamp:4)
  A centaur (D:13)
  An elf simulacrum (Vaults:1)
  3 phantoms (Swamp:4)
  5 bullfrogs
  A scorpion (Spider:3)
  An electric eel (Spider:4)
  An orc priest (Orc:2)
  2 orc wizards
  An orc zombie (D:13)
  3 orcs
  A kobold (D:9)
363 creatures vanquished.

Vanquished Creatures (others)
  A spectral human (Vaults:2)
  A ghost crab (Swamp:4)
  An emperor scorpion zombie (Spider:4)
  A bunyip zombie (Swamp:2)
  2 ogre zombies (Vaults:2)
  A ghost moth zombie (Spider:4)
  A spark wasp zombie (Spider:4)
  3 wolf spider zombies
  3 ugly thing zombies
  An alligator zombie (Swamp:1)
  A broodmother zombie (Spider:3)
  2 goliath frog zombies
  An orb spider zombie (Spider:4)
  15 redback zombies
  A spectral entropy weaver (Spider:4)
  2 hydra zombies
  2 demonic crawler zombies
  5 swamp worm zombies
  A great orb of eyes zombie (Vaults:2)
  A bloated husk (Swamp:4)
  2 boulder beetle zombies (Spider:3)
  4 tarantella zombies
  8 jumping spider zombies
  5 culicivora zombies
  3 black mamba zombies
  2 tyrant leech zombies
  5 slime creature zombies (Vaults:2)
  5 deep troll zombies (Vaults:2)
  6 human zombies
  An entropy weaver zombie (D:14)
  A spectral smoke demon (Lair:5)
  A manticore zombie (D:14)
  4 elephant zombies (Lair:5)
  3 swamp dragon zombies
  2 blink frog zombies (Lair:5)
  3 hornet zombies (Spider:3)
  An elf zombie (D:14)
  2 rime drake zombies (Lair:5)
  A komodo dragon zombie (Lair:5)
  3 yaktaur zombies (Vaults:2)
  2 fire crab zombies (D:14)
  2 water moccasin zombies
  A cyclops zombie (D:14)
  A polar bear zombie (Lair:5)
  5 yak zombies
  4 spriggan zombies
  2 wolf zombies (Lair:5)
  6 centaur zombies
  3 basilisk zombies
  2 scorpion zombies (Spider:3)
  A killer bee zombie (D:9)
  A vine stalker zombie (D:8)
  A kobold zombie (D:11)
  14 orc zombies
  12 foxfires
165 creatures vanquished.

Grand Total: 1340 creatures vanquished

Notes
Turn   | Place    | Note
-------+----------+-------------------------------------------
     0 | D:1      | RBrandon the Formicid Alchemist began the quest for the
                  | Orb.
     0 | D:1      | Reached XP level 1. HP: 13/13 MP: 3/3
   281 | D:1      | Reached XP level 2. HP: 19/19 MP: 0/5
   501 | D:1      | Learned a level 2 spell: Mercury Vapours
   738 | D:1      | Reached XP level 3. HP: 19/24 MP: 4/7
   899 | D:1      | Reached skill level 1 in Air Magic
  1355 | D:2      | Reached skill level 5 in Alchemy
  1355 | D:2      | Reached XP level 4. HP: 28/30 MP: 2/8
  1641 | D:2      | Learned a level 3 spell: Mephitic Cloud
  2267 | D:3      | Found a blossoming altar of Fedhas.
  2299 | D:3      | Reached XP level 5. HP: 35/35 MP: 2/9
  2409 | D:3      | Found a stormy altar of Qazlal.
  2543 | D:3      | Found a radiant altar of Vehumet.
  2567 | D:3      | Noticed Sigmund
  2624 | D:3      | Killed Sigmund
  2625 | D:3      | Reached XP level 6. HP: 41/41 MP: 4/10
  2757 | D:3      | Found Miagin's Armour Boutique.
  2805 | D:3      | Bought a +0 pair of boots for 45 gold pieces
  3336 | D:3      | Found Yreorit's Magic Scroll Shop.
  3644 | D:3      | Learned a level 4 spell: Olgreb's Toxic Radiance
  3681 | D:4      | Reached skill level 1 in Conjurations
  3681 | D:4      | Reached XP level 7. HP: 46/46 MP: 7/11
  4475 | D:5      | Entered Level 5 of the Dungeon
  4747 | D:5      | Noticed Pikel
  4831 | D:5      | Noticed Duvessa
  4832 | D:5      | Noticed Dowan
  4836 | D:5      | Killed Dowan
  4947 | D:6      | Noticed a water moccasin
  4979 | D:6      | Reached XP level 8. HP: 48/52 MP: 8/12
  5121 | D:6      | Reached skill level 5 in Conjurations
  5250 | D:6      | Noticed Eustachio
  5260 | D:6      | Killed Eustachio
  5429 | D:6      | You fall into a shaft and drop 2 floors!
  5568 | D:8      | Noticed a two-headed ogre
  5653 | D:7      | Learned a level 4 spell: Sticky Flame
  5681 | D:7      | Reached skill level 1 in Fire Magic
  6059 | D:7      | Reached XP level 9. HP: 57/57 MP: 8/15
  6178 | D:6      | Reached skill level 5 in Fire Magic
  6695 | D:5      | Identified the +2 leather armour of Inquiry {rPois rF+}
  7267 | D:5      | Killed Duvessa
  7399 | D:5      | Found a shadowy altar of Dithmenos.
  7399 | D:5      | Found a glowing silver altar of Zin.
  7399 | D:5      | Found a hazy altar of Hepliaklqana.
  7402 | D:5      | Found a burning altar of Makhleb.
  7471 | D:5      | Found a runed translucent door.
  7492 | D:5      | Noticed Orlauf's ghost (amateur DsGl)
  7649 | D:5      | Killed Pikel
  7874 | D:5      | Reached XP level 10. HP: 63/63 MP: 8/17
  7876 | D:5      | Reached skill level 5 in Spellcasting
  8612 | D:7      | Found a staircase to the Ecumenical Temple.
  8629 | Temple   | Entered the Ecumenical Temple
  8696 | Temple   | Became a worshipper of Yredelemnul the Fallen
  8711 | D:7      | Found a bloodstained altar of Trog.
  8737 | D:7      | Found a shimmering blue altar of Sif Muna.
  8741 | D:7      | Got Sif Muna's Octavo of the Excruciating Cemetery
  9142 | D:8      | Found Kingo's Armour Boutique.
  9158 | D:8      | Noticed Maurice
  9170 | D:8      | Killed Maurice
  9176 | D:8      | Learned a level 4 spell: Ignite Poison
  9323 | D:8      | Killed a two-headed ogre
  9467 | D:8      | Found a runed translucent gate.
  9468 | D:8      | Found a runed translucent gate.
  9468 | D:8      | Found a runed translucent gate.
  9468 | D:8      | Noticed a death yak
  9570 | D:8      | Your ally Maurice died
  9824 | D:8      | Found the amulet of Vitality {Regen++ RegenMP++}
  9863 | D:8      | Found a sacrificial altar of Ru.
  9987 | D:9      | Noticed a two-headed ogre
  9994 | D:9      | Killed a two-headed ogre
 10039 | D:9      | Reached * piety under Yredelemnul
 10054 | D:9      | Reached skill level 10 in Spellcasting
 10056 | D:9      | Reached XP level 11. HP: 68/68 MP: 20/25
 10205 | D:9      | Found a staircase to the Lair.
 10229 | D:9      | Learned a level 5 spell: Alistair's Intoxication
 10235 | D:9      | Learned a level 5 spell: Yara's Violent Unravelling
 10258 | D:9      | Noticed Joseph
 10265 | D:9      | Killed Joseph
 10355 | D:9      | Noticed a two-headed ogre
 10361 | D:9      | Killed a two-headed ogre
 10489 | Lair:1   | Entered Level 1 of the Lair of Beasts
 10489 | Lair:1   | Noticed a five-headed hydra
 10491 | Lair:1   | Noticed a six-headed hydra
 10494 | Lair:1   | Killed a five-headed hydra
 10501 | Lair:1   | Killed a six-headed hydra
 10512 | Lair:1   | Reached ** piety under Yredelemnul
 10515 | Lair:1   | Noticed an oklob plant
 10517 | Lair:1   | Found the +1 robe of Vines {NoPotionHeal Regen++++}
 10522 | Lair:1   | Killed an oklob plant
 10523 | Lair:1   | Reached skill level 1 in Fighting
 10584 | Lair:1   | Reached XP level 12. HP: 79/80 MP: 23/29
 10597 | Lair:1   | Identified the ring of Altruism {Slay+2 SInv}
 10877 | Lair:1   | Reached skill level 5 in Fighting
 11057 | Lair:2   | Reached skill level 5 in Dodging
 11203 | Lair:2   | Reached *** piety under Yredelemnul
 11569 | Lair:2   | Found a staircase to the Swamp.
 11609 | Lair:3   | Identified the +1 robe of Hauv {Dex+3}
 11616 | Lair:3   | Noticed a five-headed hydra
 11620 | Lair:3   | Killed a five-headed hydra
 11791 | Lair:3   | Found a hole to the Spider Nest.
 11998 | Lair:3   | Noticed a four-headed hydra
 12005 | Lair:3   | Killed a four-headed hydra
 12121 | Lair:3   | Noticed a boulder beetle
 12130 | Lair:3   | Killed a boulder beetle
 12131 | Lair:3   | Reached XP level 13. HP: 98/98 MP: 21/30
 12635 | Lair:4   | Noticed Hoaki's ghost (journeyman HONe)
 12638 | Lair:4   | Found a runed translucent door.
 12666 | Lair:4   | Reached **** piety under Yredelemnul
 12785 | Lair:4   | Identified the +8 mace "Geovaen" {chaos, MP+9}
 12923 | Lair:4   | Noticed a catoblepas
 12932 | Lair:4   | Killed a catoblepas
 13201 | Lair:5   | Entered Level 5 of the Lair of Beasts
 13208 | Lair:5   | Reached skill level 10 in Fighting
 13282 | Lair:5   | Reached skill level 10 in Dodging
 13283 | Lair:5   | Noticed a five-headed hydra
 13290 | Lair:5   | Killed a five-headed hydra
 13400 | Lair:5   | Found a staircase to the Slime Pits.
 13407 | Lair:5   | Reached skill level 1 in Invocations
 13419 | Lair:5   | Reached XP level 14. HP: 110/110 MP: 23/31
 13419 | Lair:5   | Reached ***** piety under Yredelemnul
 13549 | Lair:5   | Reached skill level 5 in Invocations
 13709 | Lair:5   | Reached skill level 10 in Invocations
 13790 | Lair:5   | Got an earthy gem with 421 turns to spare
 13855 | Lair:5   | Found a corrupted altar of Lugonu.
 13855 | Lair:5   | Found a one-way gate to the infinite horrors of the Abyss.
 14068 | D:10     | Entered Level 10 of the Dungeon
 14090 | D:10     | Noticed Amaemon
 14097 | D:10     | Killed Amaemon
 14253 | D:10     | Found a sparkling altar of Nemelex Xobeh.
 14297 | D:10     | Found a staircase to the Orcish Mines.
 14370 | D:10     | Found an opulent altar of Gozag.
 14491 | D:10     | Found an ornate altar of the Wu Jian Council.
 14668 | D:10     | Found Kilacis's Assorted Antiques.
 14767 | D:11     | Noticed Erica
 14774 | D:11     | Killed Erica
 14844 | D:11     | Noticed Harold
 14846 | D:11     | Reached XP level 15. HP: 115/115 MP: 27/32
 14855 | D:11     | Killed Harold
 14855 | D:11     | Reached ****** piety under Yredelemnul
 14919 | D:11     | Found a roughly hewn altar of Beogh.
 15348 | Orc:1    | Entered Level 1 of the Orcish Mines
 15365 | Orc:2    | Entered Level 2 of the Orcish Mines
 15471 | Orc:2    | Found Amob's Armour Shop.
 15471 | Orc:2    | Found Fuvofey's Antique Weapon Emporium.
 15476 | Orc:2    | Found Hetzuquw's Magic Scroll Shoppe.
 15481 | Orc:2    | Found Tyag's Armour Boutique.
 15487 | Orc:2    | Bought a scroll of poison for 44 gold pieces
 15551 | Orc:2    | Reached skill level 15 in Invocations
 15765 | Orc:2    | Found a staircase to the Elven Halls.
 16911 | D:13     | Found a gate to the Vaults.
 17220 | D:13     | Identified the +3 flail of Qawkas {flame, Dex+3}
 17535 | D:13     | Found Xaaqudu's Antique Weapon Boutique.
 17785 | D:14     | Reached XP level 16. HP: 114/127 MP: 33/33
 18076 | D:14     | Found a runed translucent door.
 18257 | D:14     | Reached skill level 1 in Hexes
 18279 | D:14     | Got Yleckel's Encyclopedia of the Smoking Storm
 18444 | D:14     | Learned a level 4 spell: Petrify
 18450 | D:14     | Learned a level 5 spell: Lee's Rapid Deconstruction
 18461 | D:14     | Reached skill level 1 in Earth Magic
 18465 | D:14     | Found a glowing golden altar of the Shining One.
 18493 | D:14     | Reached skill level 2 in Earth Magic
 18571 | D:15     | Entered Level 15 of the Dungeon
 18581 | D:15     | Reached skill level 3 in Earth Magic
 18584 | D:15     | Reached skill level 4 in Earth Magic
 18699 | D:15     | Reached skill level 5 in Earth Magic
 18736 | D:15     | Identified the +0 ring mail "Coibuxeut" {Harm rPois rF-
                  | Str+4 Stlth-}
 18761 | D:15     | Found a transporter.
 18791 | D:15     | Reached skill level 6 in Earth Magic
 18809 | D:15     | Found a roughly hewn altar of Beogh.
 18859 | D:15     | Reached skill level 7 in Earth Magic
 18883 | D:15     | Found a staircase to the Depths.
 18951 | D:15     | Found a broken altar of Ashenzari.
 18967 | D:15     | Reached skill level 8 in Earth Magic
 19181 | D:15     | Noticed Kidef's ghost (adept FoFi)
 19184 | D:15     | Identified the +6 hand cannon of Gravity {antimagic, rC++
                  | rCorr}
 19186 | D:15     | Found a transporter.
 19455 | Spider:1 | Entered Level 1 of the Spider Nest
 19512 | Spider:1 | Noticed Donald
 19522 | Spider:1 | Killed Donald
 19523 | Spider:1 | Reached skill level 9 in Earth Magic
 19639 | Spider:1 | Reached skill level 10 in Earth Magic
 19755 | Spider:1 | Identified the orb of Miefeple {guile, rElec rPois Regen+
                  | Int-5}
 19852 | Spider:1 | Reached XP level 17. HP: 135/135 MP: 25/34
 20147 | Spider:1 | Reached skill level 11 in Earth Magic
 20451 | Spider:2 | Noticed Nikola
 20467 | Spider:2 | Killed Nikola
 20468 | Spider:2 | Reached skill level 12 in Earth Magic
 20604 | Spider:2 | Reached skill level 13 in Earth Magic
 21144 | Spider:3 | Reached skill level 14 in Earth Magic
 21152 | Spider:3 | Learned a level 6 spell: Permafrost Eruption
 21175 | Spider:3 | Reached skill level 1 in Ice Magic
 21302 | Spider:3 | Reached skill level 5 in Ice Magic
 21582 | Spider:3 | Reached XP level 18. HP: 142/142 MP: 6/35
 21959 | Spider:4 | Entered Level 4 of the Spider Nest
 21968 | Spider:4 | Reached skill level 15 in Earth Magic
 22526 | Spider:4 | Got a gossamer rune of Zot
 22770 | Swamp:1  | Entered Level 1 of the Swamp
 22842 | Swamp:1  | Noticed Roxanne
 22889 | Swamp:1  | Killed Roxanne
 23202 | Swamp:2  | Noticed Louise
 23211 | Swamp:2  | Reached skill level 15 in Spellcasting
 23212 | Swamp:2  | Killed Louise
 23212 | Swamp:2  | Bound Louise
 23366 | Swamp:2  | Learned a level 7 spell: Magnavolt
 23892 | Swamp:3  | Reached skill level 5 in Air Magic
 23934 | Swamp:3  | Reached XP level 19. HP: 148/148 MP: 29/38
 24497 | Swamp:4  | Entered Level 4 of the Swamp
 24576 | Swamp:4  | Reached skill level 16 in Earth Magic
 24941 | Swamp:4  | Reached skill level 17 in Earth Magic
 24946 | Swamp:4  | Noticed a bone dragon
 25209 | Swamp:4  | Killed a bone dragon
 25434 | Swamp:4  | Got a decaying rune of Zot
 25714 | Vaults:1 | Entered Level 1 of the Vaults
 26114 | Vaults:1 | Reached skill level 18 in Earth Magic
 26449 | Vaults:1 | Identified a scroll of acquirement
 26458 | Vaults:1 | Acquired 738 gold pieces
 27083 | Vaults:2 | Reached skill level 19 in Earth Magic
 27232 | Vaults:2 | Found a runed translucent gate.
 27232 | Vaults:2 | Found a runed translucent gate.
 27232 | Vaults:2 | Found a runed translucent gate.
 27238 | Vaults:2 | Noticed AutarchDCSS's ghost (adept DrEE)
 27282 | Vaults:2 | Found a staircase to the Crypt.
 27282 | Vaults:2 | Found a basalt altar of Yredelemnul.
 27283 | Vaults:2 | Found an ancient bone altar of Kikubaaqudgha.
 27301 | Vaults:2 | Reached XP level 20. HP: 155/155 MP: 32/39
 27444 | Vaults:2 | Reached skill level 20 in Earth Magic
 27694 | Vaults:2 | Your ally Louise died
 27703 | Vaults:2 | Reached skill level 21 in Earth Magic
 27742 | Vaults:2 | Acquired the +1 pair of boots of the Kangaroo {rElec Str+4}
 27868 | Vaults:2 | Killed from afar by a frost giant

Illustrated notes

Levels and vault maps discovered:
D:1:      nicolae_arrival_somewhat_less_tricky_arrival, layout_rooms,
          serial_bayou, serial_bayou_ford_a, serial_bayou_lake_a,
          serial_bayou_pond_b, serial_bayou_pond_e, serial_bayou_pond_d
D:2:      layout_basic
D:3:      layout_basic, vehumet_crystals,
          grunt_temple_overflow_forces_of_nature, serial_shops,
          nicolae_shop_rolled_up, shop, uniq_sigmund
D:4:      layout_loops_ring
D:5:      layout_gridville, grunt_temple_overflow_cloverleaf,
          gammafunk_ghost_grave, uniq_pikel, uniq_duvessa
D:6:      layout_loops_ring, uniq_eustachio
D:7:      layout_basic, nzn_overflow_gifts_of_might_and_magic, temple_green
D:8:      lemuel_bear_cage, layout_basic, nicolae_ru_path_of_blood,
          hangedman_decor_riveting, nicolae_stop_n_shop_2,
          hellmonk_guarded_unrand_vitality_bloodlust, uniq_maurice
D:9:      layout_cave_pools, david_lair_generic, serial_bayou_pond_d,
          chequers_serial_rivers_large_b, uniq_joseph
D:10:     layout_irregular_city, nzn_wu_jian_contemplation,
          nicolae_gozag_cash_rules_everything_around_me, nemelex_altar_shiori,
          david_orc_2, serial_shops, nicolae_shop_real_fake_doors, uniq_amaemon
D:11:     layout_roguey [special_room_orc], uniq_erica, uniq_harold
D:12:     layout_loops_ring
D:13:     layout_stronghold, hangedman_vaults_entry_quadrant_bands,
          serial_shops, nicolae_shop_tiny_real_fake_doors,
          serial_co_window_serial, co_window_of_opportunity_a,
          co_window_of_opportunity_a, co_window_corner_a, co_window_paths_b,
          co_window_paths_a, co_window_corner_b, co_window_of_opportunity_c,
          co_window_corner_ca, co_window_corner_b, co_window_paths_d,
          co_window_4corner_a, glass_columns_a, glass_columns_b,
          glass_columns_b, glass_columns_b, glass_columns_c,
          minmay_misc_feat_rugged
D:14:     gammafunk_mikee_crab_dinner, layout_cave_pools,
          nicolae_tso_carved_into_rock
D:15:     hangedman_depths_entry_civil_slaughter, layout_rooms, serial_rivers,
          chequers_serial_rivers_small_a, chequers_serial_rivers_micro_c,
          chequers_serial_rivers_micro_d, chequers_serial_rivers_small_a,
          chequers_serial_rivers_small_3, chequers_serial_rivers_micro_b,
          special_room [special_room_orc], gammafunk_ghost_hive,
          hangedman_abyss_or_decor_stabs, evilmike_ruin_ashenzari
Temple:   hellmonk_temple_forest_ring
Lair:1:   layout_concentric_octagons, hellmonk_guarded_unrand_vines,
          grunt_megastairs_3
Lair:2:   layout_misc_corridors, nicolae_swamp_entry_splash_gauntlet
Lair:3:   layout_regular_city, spider_nest_entry_web_field,
          dreamdust_gnoll_shepherd, grunt_megastairs_5
Lair:4:   layout_cave_pods, hellmonk_ghost_happy_afterlife, grunt_megastairs_2,
          infiniplex_staircase_pool
Lair:5:   hellmonk_lair_end_abyssal_woods, layout_layer_cave, slime_entry_1,
          st_stairs_9, wad_woods_road_03
Swamp:1:  layout_falls_marsh, evilmike_swamp_ruin_house_6, swamp_pool_3,
          infiniplex_staircase_pool_2, uniq_roxanne
Swamp:2:  layout_basic_swamp, hangedman_swamp_lotus, swamp_pool_1_2,
          nicolae_swamp_decorative_isthmus, uniq_louise
Swamp:3:  layout_basic_swamp, evilmike_swamp_ruin_house_5, swamp_pool_4,
          nicolae_swamp_oklob_treasure_island
Swamp:4:  swamp_pestilence, layout_basic_swamp, swamp_pool_1_2
Spider:1: layout_spider_delve, uniq_donald
Spider:2: layout_spider_delve, uniq_nikola
Spider:3: spiders_nest_scorpion_pit, einodemon_crawler_minivault
Spider:4: spider_rune_water
Orc:1:    layout_diamond_mine, serial_shops, nicolae_shop_crystal, basic_altar,
          nicolae_shop_overcharged_wands
Orc:2:    st_orc_rangers, layout_caves
Vaults:1: portal_desolation_entry_twin_temple, hangedman_vaults_maws,
          nicolae_vaults_variable_pillar_hall, ontoclasm_vaults_ring_large,
          nicolae_vaults_house_3, nicolae_vaults_offset_grid_hallway_3,
          ontoclasm_vaults_misaligned, nicolae_vaults_diamond_1,
          nicolae_vaults_network_square, layout_vaults_omnigrid
Vaults:2: gammafunk_ghost_spectres, nicolae_vaults_specimen_jars,
          grunt_vaults_hallway_short, minmay_crypt_entry_necro_gods,
          nicolae_vaults_little_guard_posts, vaults_room_hallway,
          vaults_standard_mumra_enter_the_diamond, vaults_mumra_hexcomb,
          nicolae_vaults_trapezoid_lopsided_1, nicolae_vaults_storage_closets_2,
          nicolae_vaults_sesquioval_fish, nicolae_vaults_what_the_h,
          vaults_dpeg_doors, nicolae_vaults_rhombus_5, layout_vaults_omnibox,
          uniq_jory

Skill      XL: |  1  2  3  4  5  6  7  8  9 10 11 12 13 14 15 16 17 18 19 20 |
---------------+-------------------------------------------------------------+-----
Air Magic      | 1 5 6 |  6.4
Alchemy        | 5 6 8 9 |  9.0
Conjurations   | 1 4 5 |  5.1
Spellcasting   | 4 10 13 15 | 15.2
Fire Magic     | 4 8 |  8.7
Fighting       | 2 8 10 11 12 | 12.7
Dodging        | 3 7 10 11 12 | 12.6
Invocations    | 2 12 15 | 15.4
Hexes          | 2 4 |  4.5
Earth Magic    | 10 14 15 19 21 | 21.0
Ice Magic      | 7 |  7.0
Stealth        | |  2.4

Action                     |  1- 3 |  4- 6 |  7- 9 | 10-12 | 13-15 | 16-18 | 19-21 || total
---------------------------+-------+-------+-------+-------+-------+-------+-------++-------
  Melee: Unarmed           |     3 |       |       |       |       |       |       ||     3
         Dagger            |     9 |       |       |       |       |       |       ||     9
         Scimitar          |     7 |    15 |    78 |     6 |       |       |       ||   106
         Trident           |       |       |       |    32 |   177 |   152 |    82 ||   443
   Cast: Sting             |    57 |    93 |    96 |    24 |       |       |       ||   270
         Mercury Vapours   |     2 |     4 |     2 |       |       |       |       ||     8
         Mephitic Cloud    |       |     2 |     6 |     3 |       |     1 |       ||    12
         Olgreb's Toxic Ra |       |       |     6 |    42 |   112 |   143 |       ||   303
         Sticky Flame      |       |       |    14 |    27 |    64 |    30 |       ||   135
         Ignite Poison     |       |       |       |    21 |    49 |    32 |     3 ||   105
         Yara's Violent Un |       |       |       |       |     1 |     6 |     3 ||    10
         Alistair's Intoxi |       |       |       |       |     4 |     3 |     1 ||     8
         Petrify           |       |       |       |       |       |     5 |     1 ||     6
         Lee's Rapid Decon |       |       |       |       |       |    18 |    16 ||    34
         Permafrost Erupti |       |       |       |       |       |    46 |    92 ||   138
         Magnavolt         |       |       |       |       |       |       |    40 ||    40
 Invoke: Light the Black T |       |       |       |     6 |     8 |     8 |     3 ||    25
         Hurl Torchlight   |       |       |       |     1 |     4 |     8 |     3 ||    16
         Bind Soul         |       |       |       |       |       |     2 |       ||     2
         Recall Undead Har |       |       |       |       |       |     1 |     7 ||     8
Ability: Shaft Self        |       |       |     1 |       |       |       |       ||     1
  Evoke: Box of beasts     |       |       |       |       |     1 |     1 |       ||     2
         Wand              |       |       |       |       |       |     1 |       ||     1
         Tin of tremorston |       |       |       |       |       |       |     1 ||     1
    Use: Potion            |       |       |     1 |       |       |     2 |       ||     3
         Scroll            |       |       |     7 |     1 |    14 |    10 |     2 ||    34
   Stab: Confused          |       |     1 |     1 |     1 |     1 |       |       ||     4
         Sleeping          |       |       |       |       |     1 |       |     1 ||     2
         Distracted        |       |       |       |       |     3 |     2 |     1 ||     6
         Invisible         |       |       |       |       |       |     2 |       ||     2
         Petrified         |       |       |       |       |       |     5 |       ||     5
 Armour: Robe              |    28 |    28 |    66 |    35 |   338 |   303 |   143 ||   941
         Leather armour    |       |       |    18 |    45 |       |       |       ||    63
  Dodge: Dodged            |    33 |    22 |    61 |    73 |   391 |   333 |   121 ||  1034
         Repelled          |       |     5 |       |       |       |       |       ||     5

Table legend: (Time is in decaauts)
 A = Elapsed time spent in this place.
 B = Non-inter-level travel time spent in this place.
 C = Inter-level travel time spent in this place.
 D = Time resting spent in this place.
 E = Time spent auto-exploring this place.
 F = Levels seen in this place.
 G = Mean time per level.
                   A        B        C        D        E       F      G
               +--------+--------+--------+--------+--------+-----+--------+
         Total |  28155 |  26264 |   1891 |   2253 |  16427 |  33 |  853.2 |
       Dungeon |  15374 |  14609 |    765 |   2021 |   9158 |  15 | 1024.9 |
        Temple |     38 |     22 |     16 |      0 |      0 |   1 |   38.0 |
          Lair |   3791 |   3344 |    447 |     21 |   2100 |   5 |  758.2 |
         Swamp |   2795 |   2600 |    195 |    144 |   1546 |   4 |  698.8 |
   Spider Nest |   3299 |   2967 |    332 |     64 |   1669 |   4 |  824.8 |
  Orcish Mines |    685 |    655 |     30 |      0 |    422 |   2 |  342.5 |
        Vaults |   2171 |   2066 |    105 |      3 |   1531 |   2 | 1085.5 |
               +--------+--------+--------+--------+--------+-----+--------+

Top non-repeatable levels by time:
     D:5: 1847 daAuts
     D:3: 1487 daAuts
     D:7: 1379 daAuts
Vaults:1: 1291 daAuts
     D:6: 1289 daAuts
     D:1: 1283 daAuts
    D:13: 1168 daAuts
Spider:1: 1029 daAuts
     D:8: 986 daAuts
  Lair:3: 933 daAuts
     D:2: 931 daAuts
Spider:3: 893 daAuts
Vaults:2: 879 daAuts
 Swamp:4: 874 daAuts
    D:14: 821 daAuts

Levels and vault maps discovered:
D:1:      nicolae_arrival_somewhat_less_tricky_arrival, layout_rooms,
          serial_bayou, serial_bayou_ford_a, serial_bayou_lake_a,
          serial_bayou_pond_b, serial_bayou_pond_e, serial_bayou_pond_d
D:2:      layout_basic
D:3:      layout_basic, vehumet_crystals,
          grunt_temple_overflow_forces_of_nature, serial_shops,
          nicolae_shop_rolled_up, shop, uniq_sigmund
D:4:      layout_loops_ring
D:5:      layout_gridville, grunt_temple_overflow_cloverleaf,
          gammafunk_ghost_grave, uniq_pikel, uniq_duvessa
D:6:      layout_loops_ring, uniq_eustachio
D:7:      layout_basic, nzn_overflow_gifts_of_might_and_magic, temple_green
D:8:      lemuel_bear_cage, layout_basic, nicolae_ru_path_of_blood,
          hangedman_decor_riveting, nicolae_stop_n_shop_2,
          hellmonk_guarded_unrand_vitality_bloodlust, uniq_maurice
D:9:      layout_cave_pools, david_lair_generic, serial_bayou_pond_d,
          chequers_serial_rivers_large_b, uniq_joseph
D:10:     layout_irregular_city, nzn_wu_jian_contemplation,
          nicolae_gozag_cash_rules_everything_around_me, nemelex_altar_shiori,
          david_orc_2, serial_shops, nicolae_shop_real_fake_doors, uniq_amaemon
D:11:     layout_roguey [special_room_orc], uniq_erica, uniq_harold
D:12:     layout_loops_ring
D:13:     layout_stronghold, hangedman_vaults_entry_quadrant_bands,
          serial_shops, nicolae_shop_tiny_real_fake_doors,
          serial_co_window_serial, co_window_of_opportunity_a,
          co_window_of_opportunity_a, co_window_corner_a, co_window_paths_b,
          co_window_paths_a, co_window_corner_b, co_window_of_opportunity_c,
          co_window_corner_ca, co_window_corner_b, co_window_paths_d,
          co_window_4corner_a, glass_columns_a, glass_columns_b,
          glass_columns_b, glass_columns_b, glass_columns_c,
          minmay_misc_feat_rugged
D:14:     gammafunk_mikee_crab_dinner, layout_cave_pools,
          nicolae_tso_carved_into_rock
D:15:     hangedman_depths_entry_civil_slaughter, layout_rooms, serial_rivers,
          chequers_serial_rivers_small_a, chequers_serial_rivers_micro_c,
          chequers_serial_rivers_micro_d, chequers_serial_rivers_small_a,
          chequers_serial_rivers_small_3, chequers_serial_rivers_micro_b,
          special_room [special_room_orc], gammafunk_ghost_hive,
          hangedman_abyss_or_decor_stabs, evilmike_ruin_ashenzari
Temple:   hellmonk_temple_forest_ring
Lair:1:   layout_concentric_octagons, hellmonk_guarded_unrand_vines,
          grunt_megastairs_3
Lair:2:   layout_misc_corridors, nicolae_swamp_entry_splash_gauntlet
Lair:3:   layout_regular_city, spider_nest_entry_web_field,
          dreamdust_gnoll_shepherd, grunt_megastairs_5
Lair:4:   layout_cave_pods, hellmonk_ghost_happy_afterlife, grunt_megastairs_2,
          infiniplex_staircase_pool
Lair:5:   hellmonk_lair_end_abyssal_woods, layout_layer_cave, slime_entry_1,
          st_stairs_9, wad_woods_road_03
Swamp:1:  layout_falls_marsh, evilmike_swamp_ruin_house_6, swamp_pool_3,
          infiniplex_staircase_pool_2, uniq_roxanne
Swamp:2:  layout_basic_swamp, hangedman_swamp_lotus, swamp_pool_1_2,
          nicolae_swamp_decorative_isthmus, uniq_louise
Swamp:3:  layout_basic_swamp, evilmike_swamp_ruin_house_5, swamp_pool_4,
          nicolae_swamp_oklob_treasure_island
Swamp:4:  swamp_pestilence, layout_basic_swamp, swamp_pool_1_2
Spider:1: layout_spider_delve, uniq_donald
Spider:2: layout_spider_delve, uniq_nikola
Spider:3: spiders_nest_scorpion_pit, einodemon_crawler_minivault
Spider:4: spider_rune_water
Orc:1:    layout_diamond_mine, serial_shops, nicolae_shop_crystal, basic_altar,
          nicolae_shop_overcharged_wands
Orc:2:    st_orc_rangers, layout_caves
Vaults:1: portal_desolation_entry_twin_temple, hangedman_vaults_maws,
          nicolae_vaults_variable_pillar_hall, ontoclasm_vaults_ring_large,
          nicolae_vaults_house_3, nicolae_vaults_offset_grid_hallway_3,
          ontoclasm_vaults_misaligned, nicolae_vaults_diamond_1,
          nicolae_vaults_network_square, layout_vaults_omnigrid
Vaults:2: gammafunk_ghost_spectres, nicolae_vaults_specimen_jars,
          grunt_vaults_hallway_short, minmay_crypt_entry_necro_gods,
          nicolae_vaults_little_guard_posts, vaults_room_hallway,
          vaults_standard_mumra_enter_the_diamond, vaults_mumra_hexcomb,
          nicolae_vaults_trapezoid_lopsided_1, nicolae_vaults_storage_closets_2,
          nicolae_vaults_sesquioval_fish, nicolae_vaults_what_the_h,
          vaults_dpeg_doors, nicolae_vaults_rhombus_5, layout_vaults_omnibox,
          uniq_jory

Table legend: (Time is in decaauts)
 A = Elapsed time spent in this place.
 B = Non-inter-level travel time spent in this place.
 C = Inter-level travel time spent in this place.
 D = Time resting spent in this place.
 E = Time spent auto-exploring this place.
 F = Levels seen in this place.
 G = Mean time per level.
                   A        B        C        D        E       F      G
               +--------+--------+--------+--------+--------+-----+--------+
         Total |  28155 |  26264 |   1891 |   2253 |  16427 |  33 |  853.2 |
       Dungeon |  15374 |  14609 |    765 |   2021 |   9158 |  15 | 1024.9 |
        Temple |     38 |     22 |     16 |      0 |      0 |   1 |   38.0 |
          Lair |   3791 |   3344 |    447 |     21 |   2100 |   5 |  758.2 |
         Swamp |   2795 |   2600 |    195 |    144 |   1546 |   4 |  698.8 |
   Spider Nest |   3299 |   2967 |    332 |     64 |   1669 |   4 |  824.8 |
  Orcish Mines |    685 |    655 |     30 |      0 |    422 |   2 |  342.5 |
        Vaults |   2171 |   2066 |    105 |      3 |   1531 |   2 | 1085.5 |
               +--------+--------+--------+--------+--------+-----+--------+

Top non-repeatable levels by time:
     D:5: 1847 daAuts
     D:3: 1487 daAuts
     D:7: 1379 daAuts
Vaults:1: 1291 daAuts
     D:6: 1289 daAuts
     D:1: 1283 daAuts
    D:13: 1168 daAuts
Spider:1: 1029 daAuts
     D:8: 986 daAuts
  Lair:3: 933 daAuts
     D:2: 931 daAuts
Spider:3: 893 daAuts
Vaults:2: 879 daAuts
 Swamp:4: 874 daAuts
    D:14: 821 daAuts

Table legend:
 A = Kills in this place as a percentage of kills in the entire game.
 B = Kills by you in this place as a percentage of kills by you in the entire game.
 C = Kills by friends in this place as a percentage of kills by friends in the entire game.
 D = Other kills in this place as a percentage of other kills in the entire game.
 E = Experience gained in this place as a percentage of experience gained in the entire game.
 F = Experience gained in this place divided by the number of levels of this place that you have seen.
                   A       B       C       D       E      F
               +-------+-------+-------+-------+-------+----------------------
         Total | 100.0 | 100.0 | 100.0 | 100.0 | 100.0 | 11421.2
       Dungeon |  36.9 |  48.6 |  11.4 |   0.0 |  20.1 | 5039.9
          Lair |  16.1 |  13.7 |  21.7 |   0.0 |  14.7 | 11078.4
         Swamp |  11.6 |   7.0 |  20.6 |  83.3 |  17.6 | 16601.8
   Spider Nest |  19.4 |  14.3 |  30.9 |   0.0 |  25.8 | 24335.8
  Orcish Mines |   5.7 |   7.0 |   2.8 |   0.0 |   2.6 | 4824.0
        Vaults |  10.4 |   9.4 |  12.5 |  16.7 |  19.2 | 36255.0
               +-------+-------+-------+-------+-------+----------------------
